Map: Ulrena

Players

Serral - Winner!

  • Race: Zerg Zerg
  • League: Grandmaster

Kas

  • Race: Terran Terran
  • League: Diamond

Event: NationWars III

VOD

Have the link to the VOD?

Description

Time

  • Played on: Jan. 2, 2016, 3:30 p.m.
  • Length: 16:06
Show
View Real Time Build Order
Export as new Build Order

Serral Zerg - Winner!

Build Orders: Hatch First 

Get SALT Encoding   

  12  0:01  Drone  
  13  0:13  Overlord  
  13  0:17  Drone  
  14  0:31  Drone x2  
  17  0:35  Drone  
  17  0:53  Hatchery  
  17  0:56  Drone  
  17  1:00  Drone  
  17  1:02  Extractor  
  17  1:08  Drone  
  18  1:19  Spawning Pool  
  18  1:22  Drone  
  18  1:28  Drone  
  19  1:39  Overlord  
  19  2:05  Queen  
  19  2:06  Metabolic Boost, Zergling x4  
  19  2:07  Queen  
  25  2:12  Zergling x2  
  25  2:15  Overlord  
  26  2:29  Drone x2  
  29  2:30  Drone  
  29  2:35  Spore Crawler  
  29  2:36  Drone  
  29  2:43  Drone, Queen  
  33  2:46  Drone  
  33  2:50  Drone  
  35  2:54  Drone  
  36  2:59  Drone  
  36  3:05  Overlord  
  37  3:09  Drone  
  38  3:13  Drone x2  
  38  3:14  Drone  
  38  3:18  Drone, Queen  
  44  3:20  Overlord  
  44  3:32  Hatchery  
  44  3:41  Drone x2  
  44  3:42  Drone  
  46  3:48  Drone x3  
  46  3:50  Roach Warren  
  46  3:53  Overlord  
  46  3:54  Drone  
  48  3:56  Drone  
  48  3:57  Drone  
  50  4:03  Extractor x2  
  50  4:04  Lair  
  50  4:07  Drone  
  49  4:12  Zergling x6  
  52  4:19  Drone x4  
  56  4:25  Spore Crawler  
  56  4:26  Overlord  
  55  4:31  Overlord  
  55  4:33  Drone x2  
  55  4:36  Extractor  
  55  4:38  Evolution Chamber  
  55  4:42  Evolution Chamber, Overlord  
  55  4:43  Drone  
  55  4:50  Queen  
  55  4:51  Drone  
  55  4:52  Drone  
  59  4:56  Overlord  
  59  4:58  Drone  
  60  5:01  Drone  
  60  5:02  Drone  
  60  5:05  Zerg Missile Weapons Level 1  
  62  5:10  Zerg Ground Armor Level 1  
  62  5:13  Glial Reconstitution  
  62  5:17  Pneumatized Carapace  
  62  5:18  Drone  
  62  5:20  Drone  
  64  5:21  Drone  
  64  5:23  Drone  
  64  5:25  Drone  
  67  5:31  Drone  
  67  5:32  Drone x3  
  67  5:33  Drone  
  72  5:39  Roach  
  72  5:40  Roach x2  
  78  5:43  Roach  
  78  5:45  Roach  
  78  5:47  Drone x2  
  84  5:52  Drone x2  
  84  5:54  Drone  
  87  5:59  Drone x3, Extractor  
  87  6:00  Extractor  
  87  6:01  Infestation Pit  
  85  6:07  Drone x4  
  85  6:08  Drone x2  
  85  6:10  Overlord  
  89  6:33  Roach x2  
  89  6:34  Roach x2  
  89  6:36  Hatchery  
  89  6:38  Ravager  
  97  6:40  Overlord x5  
  96  6:57  Evolution Chamber  
  96  6:59  Infestor x3  
  101  7:02  Roach x9  
  119  7:09  Overlord  
  119  7:14  Zerg Missile Weapons Level 2, Zerg Melee Weapons Level 1  
  123  7:22  Roach  
  123  7:23  Roach x2  
  123  7:24  Zerg Ground Armor Level 2  
  123  7:25  Drone x2  
  123  7:26  Drone x3  
  123  7:29  Drone x2  
  132  7:31  Hive  
  132  7:35  Ravager  
  132  7:36  Ravager  
  134  7:40  Drone x4  
  138  7:48  Drone x2  
  138  7:49  Drone x4, Queen  
  146  7:51  Ravager  
  146  7:52  Ravager x2  
  146  7:53  Ravager  
  146  7:55  Extractor  
  149  8:00  Roach x2, Extractor  
  149  8:01  Overlord x2  
  152  8:11  Overlord x3  
  152  8:12  Overlord x4  
  152  8:24  Spine Crawler  
  151  8:28  Drone  
  151  8:29  Drone x2  
  151  8:31  Overlord x2  
  151  8:32  Spine Crawler  
  153  8:40  Roach x4  
  153  8:41  Roach x5  
  171  8:51  Ultralisk Cavern  
  170  8:58  Hatchery  
  170  9:00  Viper x2  
  175  9:19  Burrow  
  175  9:26  Overlord x2  
  175  9:30  Drone x3, Spine Crawler x2  
  176  9:31  Spine Crawler  
  176  9:32  Spine Crawler  
  176  9:34  Zerg Melee Weapons Level 2  
  176  9:35  Zerg Missile Weapons Level 3  
  176  9:37  Chitinous Plating  
  174  9:39  Ultralisk, Extractor  
  174  9:40  Ultralisk x2  
  174  9:41  Extractor  
  190  9:57  Ravager x4  
  194  10:01  Spine Crawler  
  194  10:02  Ultralisk  
  199  10:23  Spire  
  194  10:41  Ultralisk  
  196  10:46  Ravager x7  
  192  11:03  Roach x4  
  182  11:09  Infestor x2  
  182  11:10  Infestor  
  180  11:11  Roach x6  
  180  11:12  Roach x4  
  180  11:17  Roach x2  
  182  11:34  Ultralisk  
  182  11:35  Ultralisk x2  
  194  11:43  Greater Spire  
  194  11:47  Zergling x6  
  194  11:48  Zergling x6  
  194  11:51  Roach x2  
  194  11:54  Zerg Ground Armor Level 3, Zerg Melee Weapons Level 3  
  200  12:10  Overlord  
  200  12:20  Hatchery  
  195  12:28  Ravager x2  
  195  12:29  Ravager  
  195  12:42  Adrenal Glands  
  194  12:54  Corruptor x3  
  195  13:12  Corruptor, Ravager x6  
  189  13:13  Corruptor x4  
  199  13:37  Spore Crawler x2  
  199  13:39  Spore Crawler x4  
  199  13:40  Spore Crawler x3  
  199  13:41  Zerg Flyer Weapons Level 1, Spore Crawler  
  188  13:42  Spore Crawler, Brood Lord  
  188  13:43  Brood Lord x2  
  188  13:44  Spore Crawler x2, Brood Lord x5  
  213  14:12  Spire  
  212  14:26  Spine Crawler  
  212  14:28  Spine Crawler  
  210  14:42  Spine Crawler  
  209  15:14  Overseer x2  
  197  15:28  Corruptor x6  
Show
View Real Time Build Order
Export as new Build Order

Kas Terran 

Build Orders: Reaper Expand, Bio Tank 

Get SALT Encoding   

  12  0:00  SCV  
  13  0:13  SCV  
  14  0:17  Supply Depot  
  14  0:25  SCV  
  15  0:39  SCV  
  15  0:40  Barracks  
  16  0:44  Refinery  
  16  0:51  SCV  
  17  1:03  SCV  
  18  1:15  SCV  
  19  1:28  Reaper, Orbital Command  
  20  1:43  Command Center  
  20  1:52  Supply Depot  
  20  1:55  SCV  
  20  2:00  Barracks Reactor  
  21  2:05  Refinery  
  21  2:07  SCV  
  22  2:19  SCV  
  23  2:24  Factory  
  23  2:31  SCV  
  24  2:38  Marine x2  
  24  2:43  SCV  
  27  2:55  SCV  
  27  2:56  Marine x2, Orbital Command  
  30  3:02  Bunker  
  30  3:08  SCV, Starport, Factory Tech Lab  
  31  3:14  Marine x2  
  33  3:20  SCV  
  33  3:21  SCV  
  33  3:26  Siege Tank  
  38  3:32  SCV, Marine x2  
  41  3:40  SCV  
  41  3:46  Viking  
  43  3:49  Supply Depot  
  43  3:50  SCV  
  43  3:52  Supply Depot  
  43  3:54  SCV  
  45  4:05  Barracks  
  45  4:06  Barracks Tech Lab  
  45  4:08  SCV  
  46  4:11  SCV, Siege Tank  
  50  4:20  SCV  
  51  4:25  Command Center  
  51  4:27  Stimpack  
  51  4:28  SCV  
  52  4:32  SCV, Marine  
  52  4:36  Barracks  
  54  4:40  SCV  
  54  4:42  Starport Reactor  
  54  4:44  SCV  
  54  4:45  Refinery  
  56  4:47  Supply Depot  
  56  4:52  SCV  
  57  4:55  Marine  
  57  4:57  SCV  
  57  4:58  Marine  
  60  5:04  Engineering Bay  
  60  5:06  SCV, Engineering Bay  
  61  5:09  SCV  
  62  5:17  Supply Depot  
  62  5:19  SCV, Supply Depot  
  62  5:20  Siege Tank, Marine  
  66  5:21  SCV  
  66  5:22  Marine  
  66  5:24  Barracks Reactor  
  66  5:25  Medivac  
  69  5:31  Refinery  
  69  5:32  SCV  
  70  5:36  SCV, Medivac  
  70  5:37  Orbital Command  
  70  5:40  Marine  
  74  5:44  Marine  
  74  5:45  Marine  
  74  5:47  Terran Infantry Weapons Level 1, SCV  
  74  5:48  SCV  
  78  5:51  Terran Infantry Armor Level 1  
  78  5:53  Missile Turret  
  78  6:00  SCV x2  
  78  6:02  Marine x2  
  82  6:10  Siege Tank  
  84  6:12  SCV  
  84  6:13  SCV  
  84  6:16  Marine x3  
  89  6:19  Orbital Command  
  89  6:21  Barracks  
  89  6:24  SCV, Barracks  
  89  6:25  SCV, Liberator  
  90  6:27  Combat Shields  
  90  6:30  Supply Depot  
  90  6:31  Supply Depot  
  91  6:34  Armory, Marine  
  91  6:36  SCV  
  91  6:39  Marine x2  
  95  6:40  SCV  
  95  6:46  SCV  
  100  6:48  SCV  
  100  6:52  SCV  
  100  6:53  Siege Tank, Marine x2  
  107  6:57  Refinery  
  107  6:58  SCV  
  107  7:00  Refinery  
  108  7:04  SCV  
  108  7:05  Supply Depot  
  108  7:07  Supply Depot  
  109  7:11  Marine  
  109  7:13  Barracks Reactor x2  
  109  7:14  Marine x3  
  113  7:16  SCV  
  113  7:18  Marine  
  115  7:26  Barracks, Liberator  
  115  7:27  Siege Tank  
  115  7:29  Marine  
  119  7:30  Supply Depot  
  119  7:31  Marine  
  119  7:32  Supply Depot, Marine  
  119  7:33  SCV x2  
  123  7:38  SCV  
  123  7:41  Terran Infantry Weapons Level 2  
  123  7:42  Marine x2  
  129  7:45  SCV  
  129  7:47  Marine  
  129  7:48  Terran Infantry Armor Level 2  
  129  7:49  SCV, Marine  
  133  7:53  Marine x2  
  133  7:54  Marine x2  
  136  8:06  Supply Depot  
  136  8:08  Supply Depot  
  136  8:09  Supply Depot  
  136  8:11  Barracks x2  
  136  8:13  Supply Depot  
  136  8:17  Barracks Reactor  
  136  8:18  Starport  
  136  8:20  Marine x7  
  136  8:21  Marine  
  136  8:25  Marine  
  145  8:32  Siege Tank  
  148  8:37  Marine  
  148  8:38  Marine x5  
  148  8:39  Marine  
  145  8:42  Medivac  
  145  8:43  Medivac  
  149  8:54  Command Center  
  149  8:56  Medivac  
  149  8:57  Marine x5  
  149  8:58  Marine x5  
  149  9:01  Supply Depot  
  161  9:06  Supply Depot  
  161  9:07  Supply Depot  
  161  9:15  Siege Tank  
  161  9:16  Medivac x2  
  167  9:22  Marine  
  167  9:31  Marine x3  
  167  9:32  Liberator, Medivac  
  167  9:33  Liberator  
  167  9:34  Marine  
  173  9:41  Barracks Tech Lab x2  
  173  9:43  Marine x3  
  173  9:44  Ghost Academy, Marine x2  
  178  9:49  Terran Vehicle And Ship Armor Level 1  
  178  9:52  Fusion Core  
  184  10:02  Marine  
  185  10:13  Marine  
  186  10:18  Marine x2  
  188  10:22  Marine  
  188  10:24  Liberator  
  188  10:25  Liberator  
  188  10:32  Marine x2  
  188  10:33  Orbital Command, Marauder  
  188  10:34  Marine  
  190  10:40  Marine  
  190  10:41  Marine  
  191  10:43  Marine x3  
  191  10:44  Marine x3  
  191  10:49  Marine  
  197  10:52  Marine x2  
  197  10:53  Siege Tank  
  197  10:54  Starport Tech Lab  
  197  10:55  Terran Infantry Weapons Level 3, Terran Infantry Armor Level 3  
  186  10:57  Marine  
  183  11:07  Liberator  
  178  11:17  Marine x2  
  178  11:18  Marine x2  
  179  11:21  Liberator x2  
  179  11:24  Marine x2  
  182  11:30  Missile Turret  
  182  11:31  Marine  
  176  11:35  Marine x2  
  175  11:41  Marine x2  
  175  11:45  Marine  
  171  11:50  Siege Tank, Ghost  
  171  11:51  Ghost x2  
  171  11:52  Marine x5  
  171  11:53  Marine  
  185  11:59  Marine  
  185  12:00  Marine x2  
  187  12:03  Marine  
  187  12:07  Terran Vehicle And Ship Armor Level 2  
  188  12:10  Marine x3  
  189  12:19  Missile Turret  
  189  12:21  SCV  
  182  12:42  Liberator  
  182  12:43  Advanced Ballistics  
  177  12:46  Marine x5  
  177  12:47  Marine  
  177  12:48  Marine x2  
  182  12:55  Marine  
  180  13:12  Marine x3  
  176  13:13  Marine  
  179  13:23  Ghost  
  179  13:24  Marine  
  182  13:34  Ghost  
  182  13:36  Marine x2, Liberator x2  
  186  13:41  Marine  
  193  14:09  Liberator  
  193  14:19  Liberator  
  186  14:28  Ghost  
  190  15:17  Marine x2  
  183  15:24  Marine x4  
  183  15:25  Orbital Command, Marine x7  
  183  15:26  Viking x2  
  181  15:35  Marine x2  
  170  15:42  Marine x4  
  170  15:43  Marine x7  
Tags
 
Add a new tag
Caveats
  • Supply blocks, unpowered buildings, or Contaminate may cause inaccurate times.
  • Supply counts are checked every 10 seconds.